 Dungeon Crawl Stone Soup version 0.30.0-29-ga12c61a403 (webtiles) character file.

Game seed: 190695007471626789

418 monsoonserge the Slasher (level 7, 0/60 HPs)
             Began as a Meteoran Monk on June 8, 2023.
             Slain by an ogre
             ... wielding a +0 giant club
              (22 damage)
             ... on level 5 of the Dungeon.
             The game lasted 00:13:49 (2053 turns).

monsoonserge the Slasher (Meteoran Monk)            Turns: 2053, Time: 00:13:49

Health: 0/60       AC: 10    Str: 14    XL:     7   Next: 39%
Magic:  8/8        EV:  7    Int: 11    God:
Gold:   152        SH: 16    Dex: 24    Spells: 6/6 levels left

rFire   . . .        a - +0 falchion
rCold   + . .        n - +0 kite shield
rNeg    . . .        m - +0 chain mail
rPois   .            (no helmet)
rElec   .            (no cloak)
rCorr   .            A - +0 pair of gloves
SInv    .            (no boots)
Will    .....        p - amulet of reflection Stlth
                     l - ring of protection from cold
HPRegen 0.30/turn    y - +6 ring of dexterity
MPRegen 0.11/turn

%: reflection
@: mighty, weakened, glowing
A: sense surroundings 1, otherworldly, glowing, explore regen
a: no special abilities


You were on level 5 of the Dungeon.
You visited 1 branch of the dungeon, and saw 5 of its levels.

You collected 264 gold pieces.
You spent 112 gold pieces at shops.

Inventory:

Hand Weapons
 a - a +0 falchion (weapon)
 t - a +0 dagger of draining
Missiles
 r - a throwing net
 w - an atropa-tipped dart (quivered)
 D - 6 boomerangs
Armour
 b - a +0 robe
 d - an orb of light
 g - a +0 ring mail
 m - a +0 chain mail (worn)
 n - a +0 kite shield (worn)
 A - a +0 pair of gloves (worn)
Jewellery
 l - a ring of protection from cold (left hand)
 p - an amulet of reflection (around neck)
 y - a +6 ring of dexterity (right hand)
Scrolls
 e - a scroll of magic mapping {unknown}
 f - 2 scrolls of amnesia {unknown}
 h - a scroll of poison {unknown}
 k - 2 scrolls of teleportation {unknown}
 o - 7 scrolls of identify {unknown}
 q - a scroll of vulnerability {unknown}
 s - a scroll of noise {unknown}
 u - 2 scrolls of enchant armour {unknown}
Potions
 c - 3 potions of ambrosia
 v - a potion of resistance {unknown}
 x - a potion of flight {unknown}
 z - 2 potions of magic {unknown}
 C - 2 potions of curing
 E - a potion of brilliance {unknown}
 F - a potion of degeneration {unknown}


   Skills:
 + Level 4.7 Fighting
 + Level 5.9 Long Blades
 + Level 2.9 Armour
 + Level 4.4 Dodging
 + Level 3.7 Shields


You had 6 spell levels left.
You didn't know any spells.
Your spell library contained the following spells:

 Spells                   Type           Power      Damage    Failure   Level
 Summon Lightning Spire   Summ/Air       0%         N/A       100%        4
 Simulacrum               Ice/Necr       0%         N/A       100%        6
 Ozocubu's Refrigeration  Ice            0%         4d7       100%        7
 Storm Form               Tmut/Air       0%         N/A       100%        7
 Maxwell's Capacitive Co  Air            0%         ∞         100%        8
 Polar Vortex             Ice            0%         N/A       100%        9


Dungeon Overview and Level Annotations

Branches:
Dungeon (5/15) Zot: 871
 Temple: D:4-7

Altars:
Ashenzari
Ru

Shops:
D:1 (   D:2 !


Innate Abilities, Weirdness & Mutations

You passively map a small area around you.
You are easily found by Zot.
You glow in the dark.
You regain HP and MP as you explore.


Message History

Things that are here:
a +0 spear; a throwing net; a poisoned dart You hit the gnoll.
The gnoll is moderately wounded.
An ogre comes into view. It is wielding a +0 giant club.
The gnoll closely misses you.
The ogre shouts!
You hit the gnoll.
The gnoll is severely wounded.
You block the gnoll's attack.
You slash the gnoll!
You kill the gnoll!
Throw: 4 darts (atropa)
Press: ? - help, Q - select action, (/) - cycle Shift-Dir - straight line, f - ogre
Aim: an ogre, wielding a +0 giant club (79% to hit, chance to blind on hit: 27%)
You throw an atropa-tipped dart. The atropa-tipped dart hits the ogre.
The ogre resists.
Throw: 3 darts (atropa)
Press: ? - help, Q - select action, (/) - cycle Shift-Dir - straight line, f/p - ogre
Aim: an ogre, wielding a +0 giant club (79% to hit, chance to blind on hit: 27%)
You throw an atropa-tipped dart. The atropa-tipped dart hits the ogre.
The ogre resists.
Throw: 2 darts (atropa)
Press: ? - help, Q - select action, (/) - cycle Shift-Dir - straight line, f/p - ogre
Aim: an ogre, wielding a +0 giant club (79% to hit, chance to blind on hit: 27%)
You throw an atropa-tipped dart. The atropa-tipped dart hits the ogre.
The ogre resists.
You block the ogre's attack.
You hit the ogre.
The ogre is lightly wounded.
You slash the ogre!
The ogre is heavily wounded.
You block the ogre's attack.
You barely miss the ogre.
The ogre is heavily wounded.
The ogre closely misses you.
You completely miss the ogre.
The ogre is heavily wounded.
The ogre hits you with a +0 giant club!!
You die...

,#.#### # #.# ,
,*, , ,#.# ... *
###, #.# ,?....,
,..#, #.# ,
.....#####.# ,#.#
...........# ,#.#
.......(...# #.#
,
........(..####.#
,
....^....(O@))..#
...........######
, ...........#
...........#
...######### *
##*


You could see an ogre.

Vanquished Creatures
  2 scorpions
  3 hounds
  A gnoll bouda (D:5)
  4 gnolls (D:5)
  6 adders
  A worm (D:2)
  6 dart slugs
  2 orcs
  4 bats
  3 endoplasms
  7 goblins
  6 hobgoblins
  4 jackals (D:4)
  4 quokkas
  14 ball pythons
  3 frilled lizards
  9 kobolds
  4 rats
83 creatures vanquished.

Notes
Turn   | Place    | Note
-------+----------+-------------------------------------------
     0 | D:1      | monsoonserge the Meteoran Monk began the quest for the Orb.
     0 | D:1      | Reached XP level 1. HP: 19/19 MP: 2/2
    55 | D:1      | Reached XP level 2. HP: 10/26 MP: 3/3
   139 | D:1      | Found Dirr's Antique Weapon Emporium.
   349 | D:1      | Reached skill level 4 in Long Blades
   391 | D:1      | Reached XP level 3. HP: 33/33 MP: 4/4
   497 | D:1      | Glimpsed the power of Zot.
   787 | D:2      | Reached XP level 4. HP: 34/40 MP: 5/5
   918 | D:3      | Found Tucvoak's Armour Shoppe.
   928 | D:3      | Noticed a scorpion
   946 | D:3      | Killed a scorpion
   947 | D:3      | Reached skill level 5 in Long Blades
   947 | D:3      | Reached skill level 1 in Armour
   947 | D:3      | Reached skill level 1 in Shields
   947 | D:3      | Reached XP level 5. HP: 11/46 MP: 6/6
   956 | D:3      | Found a sacrificial altar of Ru.
  1053 | D:3      | Reached XP level 6. HP: 43/53 MP: 7/7
  1288 | D:2      | Found Caxtom's Distillery.
  1296 | D:2      | Bought a potion of heal wounds for 70 gold pieces
  1296 | D:2      | Bought a potion of curing for 42 gold pieces
  1470 | D:4      | Found a broken altar of Ashenzari.
  1803 | D:5      | Entered Level 5 of the Dungeon
  1830 | D:5      | Reached XP level 7. HP: 39/60 MP: 8/8
  2053 | D:5      | Slain by an ogre

Illustrated notes

Levels and vault maps discovered:
D:1:      amcnicky_arrival_double_pillar, layout_loops_ring, serial_shops, shop,
          minmay_gold_behind_fungi
D:2:      wad_river_or_something, layout_basic, serial_shops, shop
D:3:      minmay_angry_zag, layout_rooms, mainiacjoe_overflow_six_doors_small,
          serial_shops, nicolae_shop_temple_entry_statues_fountains
D:4:      layout_basic, old_standard_altar
D:5:      layout_basic, gammafunk_ghost_stat_death, uniq_edmund, uniq_grinder

Skill      XL: |  1  2  3  4  5  6 |
---------------+-------------------+-----
Long Blades    | 4 5 |  5.9
Dodging        | 4 |  4.4
Fighting       | 4 |  4.7
Armour         | 1 2 |  2.9
Shields        | 1 3 |  3.7

Action                     |  1- 3 |  4- 6 |  7- 9 || total
---------------------------+-------+-------+-------++-------
  Melee: Falchion          |    75 |   202 |    29 ||   306
  Throw: Dart              |       |       |     6 ||     6
    Use: Potion            |       |     1 |     2 ||     3
 Armour: Robe              |    12 |       |       ||    12
         Chain mail        |    10 |    76 |     7 ||    93
         Ring mail         |     6 |       |       ||     6
  Dodge: Dodged            |    22 |    27 |     8 ||    57
  Block: Kite shield       |     9 |   167 |    38 ||   214
         Reflection        |       |     6 |     2 ||     8
